 Dungeon Crawl Stone Soup version 0.28-a0-1518-gbe868bca14 (webtiles) character file.

Game seed: 13375120770918303873

1206 buddhastalin the Slicer (level 8, -5/49 HPs)
             Began as a Kobold Brigand on Jan 16, 2022.
             Was an Initiate of Makhleb.
             Slain by an orc warrior (13 damage)
             ... on level 6 of the Dungeon.
             The game lasted 00:15:30 (7405 turns).

buddhastalin the Slicer (Kobold Brigand)            Turns: 7405, Time: 00:15:30

Health: -5/49      AC:  7    Str:  9    XL:     8   Next: 73%
Magic:  8/8        EV: 17    Int: 14    God:    Makhleb [......]
Gold:   297        SH:  0    Dex: 16    Spells: 7/7 levels left

rFire   . . .      SeeInvis .   a - +2 dagger (flame)
rCold   . . .      Faith    .   (no shield)
rNeg    . . .      Spirit   .   b - +0 robe
rPois   .          Reflect  .   (no helmet)
rElec   .          Harm     .   c - +0 cloak
rCorr   .          Rampage  .   k - +2 pair of gloves
Will    .....                   h - +0 pair of boots
Stlth   +++++.....              (no amulet)
HPRegen 0.16/turn               (no ring)
MPRegen 0.11/turn               (no ring)

@: no status effects
A: small, no large weapons, nightstalker 3
a: Renounce Religion


You were on level 6 of the Dungeon.
You worshipped Makhleb.
Makhleb was noncommittal.
You visited 2 branches of the dungeon, and saw 7 of its levels.
You also visited: Sewer.

You collected 418 gold pieces.
You spent 121 gold pieces at shops.

Inventory:

Hand Weapons
 a - a +2 dagger of flaming (weapon)
Missiles
 d - 6 poisoned darts (quivered)
Armour
 b - a +0 robe (worn)
 c - a +0 cloak (worn)
 h - a +0 pair of boots (worn)
 k - a +2 pair of gloves (worn)
Wands
 q - a wand of flame (10)
Scrolls
 g - 2 scrolls of brand weapon
 i - 2 scrolls of identify
 j - 2 scrolls of teleportation
 n - a scroll of fog {unknown}
 r - a scroll of fear
Potions
 f - 2 potions of flight
 l - a potion of magic
 m - 2 potions of cancellation
 o - 2 potions of resistance


   Skills:
 + Level 5.3 Fighting
 * Level 8.6 Short Blades
 - Level 2.1 Throwing
 + Level 5.3 Dodging
 + Level 8.1 Stealth


You had 7 spell levels left.
You didn't know any spells.
Your spell library contained the following spells:

 Spells                   Type           Power      Damage    Failure   Level
 Corpse Rot               Necr/Air       0%         N/A       41%         2
 Poisonous Vapours        Pois/Air       0%         N/A       41%         2
 Summon Ice Beast         Ice/Summ       0%         N/A       96%         4
 Summon Mana Viper        Hex/Summ       0%         N/A       100%        5
 Monstrous Menagerie      Summ           0%         N/A       100%        7


Dungeon Overview and Level Annotations

Branches:
Dungeon (6/15)             Temple (1/1) D:6           Sewer (visited)

Altars:
Hepliaklqana
Kikubaaqudgha
Makhleb
Nemelex Xobeh
Okawaru
Trog
Uskayaw
Xom
Zin

Shops:
D:4 =:!?


Innate Abilities, Weirdness & Mutations

You are small and have problems with some larger weapons.
You are completely attuned to the shadows.


Message History

You hit the orc warrior but do no damage.
You punch the orc warrior, but do no damage.
The orc warrior is lightly wounded.
The orc warrior closely misses you.
You closely miss the orc warrior.
The orc warrior is lightly wounded.
You barely miss the orc warrior.
The orc warrior is moderately wounded.
The orc warrior hits you with a +0 hand axe!
Throw: 9 darts (poison)
Press: ? - help, Q - select action, (/) - cycle Shift-Dir - straight line, f/p - orc warrior
Aim: an orc warrior, wielding a +0 hand axe and wearing a +0 chain mail (moderately wounded, poisoned, 60% to hit)
You throw a poisoned dart. The poisoned dart hits the orc warrior.
The orc warrior looks even sicker.
The orc warrior is moderately wounded.
The orc warrior barely misses you. As you open the door, it creaks loudly!
The orc warrior hits you with a +0 hand axe!
* * * LOW HITPOINT WARNING * * *
There is an open door here.
You see here a +0 hand axe.
Things that are here:
a poisoned dart; a +0 dagger; a +0 robe You see here a poisoned dart.
Throw: 8 darts (poison)
Press: ? - help, Q - select action, (/) - cycle Shift-Dir - straight line, f/p - orc warrior
Aim: an orc warrior, wielding a +0 hand axe and wearing a +0 chain mail (heavily wounded, 60% to hit)
You throw a poisoned dart. The poisoned dart hits the orc warrior.
The orc warrior is poisoned.
The orc warrior is heavily wounded.
The orc warrior hits you but does no damage.
There is an open door here.
Throw: 7 darts (poison)
Press: ? - help, Q - select action, (/) - cycle Shift-Dir - straight line, f/p - orc warrior
Aim: an orc warrior, wielding a +0 hand axe and wearing a +0 chain mail (heavily wounded, poisoned, 60% to hit)
You throw a poisoned dart. The poisoned dart hits the orc warrior.
The orc warrior looks even sicker.
The orc warrior is heavily wounded.
The orc warrior hits you with a +0 hand axe!
You die...

..........#
......#...#
....(.#...#
......#...##
......#...)#
..#......#(#
..#....>.#(#
#.....)#.#
#...<.@#.#
#..###o#'###
#..........#
...####....#
.....#
##....#
#....#


You could see an orc warrior (very poisoned).

Vanquished Creatures
  Eustachio (D:5)
  Edmund (D:5)
  A phantom (D:4)
  2 kobold brigands (Sewer)
  A bullfrog (D:4)
  A scorpion (D:5)
  4 hounds
  An orc priest (D:4)
  A centaur skeleton (D:4)
  2 bullfrog skeletons
  Ijyb (D:3)
  2 orc wizards
  Terence (D:3)
  2 iguanas (D:4)
  4 gnolls (D:4)
  4 adders
  3 river rats
  A white imp (D:4)
  A worm (D:5)
  3 dart slugs
  10 orcs
  6 bats
  4 endoplasms
  3 giant cockroaches
  6 goblins
  10 hobgoblins
  12 jackals
  2 quokkas
  3 ball pythons
  3 frilled lizards
  7 kobolds
  8 rats
111 creatures vanquished.

Notes
Turn   | Place    | Note
-------+----------+-------------------------------------------
     0 | D:1      | buddhastalin the Kobold Brigand began the quest for the
                  | Orb.
     0 | D:1      | Reached XP level 1. HP: 12/12 MP: 1/1
   365 | D:1      | Reached XP level 2. HP: 18/18 MP: 2/2
   795 | D:2      | Reached XP level 3. HP: 22/22 MP: 3/3
  1767 | D:3      | Reached XP level 4. HP: 20/27 MP: 4/4
  2559 | D:3      | Noticed Ijyb
  2563 | D:3      | Killed Ijyb
  2638 | D:3      | Reached XP level 5. HP: 29/32 MP: 5/5
  2684 | D:3      | Noticed Terence
  2695 | D:3      | Killed Terence
  2887 | D:4      | Reached skill level 5 in Short Blades
  2887 | D:4      | Found Listov's Book Shop.
  2890 | D:4      | Found Dabbet's Magic Scroll Shop.
  2891 | D:4      | Found Deutho's Jewellery Shop.
  2892 | D:4      | Found Vacoi's Distillery.
  2905 | D:4      | Bought 3 potions of curing for 99 gold pieces
  2909 | D:4      | Bought a scroll of identify for 22 gold pieces
  2930 | D:4      | Reached XP level 6. HP: 37/37 MP: 6/6
  3137 | D:4      | HP: 1/38 [gnoll (5)]
  3527 | D:4      | Found a hide-covered altar of Uskayaw.
  3866 | D:4      | Found a sparkling altar of Nemelex Xobeh.
  4205 | D:4      | Reached XP level 7. HP: 21/43 MP: 7/7
  5185 | D:5      | Entered Level 5 of the Dungeon
  5246 | D:5      | Found a glowing drain.
  5253 | Sewer    | Entered a sewer
  5488 | Sewer    | HP: 3/66 [kobold brigand (6)]
  5491 | Sewer    | Reached XP level 8. HP: 4/48 MP: 8/8
  5789 | Sewer    | Found a white marble altar of Elyvilon.
  6406 | D:5      | Noticed Edmund
  6474 | D:5      | Killed Edmund
  6787 | D:5      | Reached skill level 5 in Fighting
  7011 | D:5      | Reached skill level 5 in Dodging
  7076 | D:5      | Noticed Eustachio
  7080 | D:5      | Killed Eustachio
  7191 | D:6      | Found a staircase to the Ecumenical Temple.
  7213 | Temple   | Entered the Ecumenical Temple
  7287 | Temple   | Became a worshipper of Makhleb the Destroyer
  7405 | D:6      | Slain by an orc warrior

Illustrated notes

Levels and vault maps discovered:
D:1:      dpeg_arrival_rooms_b, layout_rooms
D:2:      layout_basic
D:3:      layout_basic, uniq_terence, uniq_ijyb
D:4:      layout_gridville, nicolae_uskayaw_dance_hall, amcnicky_altar_gilded,
          minmay_shop_grid_forest, kennysheep_generic_room_2
D:5:      layout_basic, cheibrodos_sewer_entry_sluice, nrook_mini_vaults,
          uniq_edmund, uniq_eustachio
D:6:      layout_basic, minmay_temple_entry_offerings,
          minmay_fractal_squares_gapless_5, uniq_prince_ribbit1
Temple:   hc_temple_tempest_star

Skill      XL: |  1  2  3  4  5  6  7  8 |
---------------+-------------------------+-----
Short Blades   | 3 4 5 6 7 8 |  8.6
Dodging        | 2 3 4 5 |  5.3
Fighting       | 3 4 5 |  5.3
Stealth        | 6 7 8 |  8.1
Throwing       | |  2.1

Action                   |  1- 3 |  4- 6 |  7- 9 || total
-------------------------+-------+-------+-------++-------
Melee: Dagger            |   121 |   190 |   323 ||   634
       Punch             |     1 |     2 |     8 ||    11
Throw: Dart              |       |       |    13 ||    13
Evoke: Wand              |       |     6 |       ||     6
  Use: Potion            |       |     8 |     2 ||    10
       Scroll            |       |     4 |     8 ||    12
 Stab: Sleeping          |    17 |    18 |    15 ||    50
       Distracted        |       |       |     2 ||     2
Armor: Robe              |    28 |    35 |    27 ||    90
       Skin              |       |       |    26 ||    26
Dodge: Dodged            |    65 |   104 |   119 ||   288

Table legend: (Time is in decaauts)
 A = Elapsed time spent in this place.
 B = Non-inter-level travel time spent in this place.
 C = Inter-level travel time spent in this place.
 D = Time resting spent in this place.
 E = Time spent auto-exploring this place.
 F = Levels seen in this place.
 G = Mean time per level.
                   A        B        C        D        E       F      G
               +--------+--------+--------+--------+--------+-----+--------+
         Total |   7269 |   7071 |    198 |   2256 |   3635 |   8 |  908.6 |
       Dungeon |   6444 |   6265 |    179 |   1919 |   3325 |   6 | 1074.0 |
        Temple |     97 |     78 |     19 |      0 |     51 |   1 |   97.0 |
         Sewer |    727 |    727 |      0 |    337 |    259 |   1 |  727.0 |
               +--------+--------+--------+--------+--------+-----+--------+

Top non-repeatable levels by time:
     D:4: 2062 daAuts
     D:3: 1325 daAuts
     D:5: 1276 daAuts
     D:2: 994 daAuts
   Sewer: 727 daAuts
     D:1: 682 daAuts
     D:6: 103 daAuts
  Temple: 97 daAuts
